 Dungeon Crawl Stone Soup version 0.21.1-1-g345015fe64 (webtiles) character file.

32597 KleinerIrrer the Cleaver (level 13, -13/86 HPs)
             Began as a Gargoyle Fighter on Apr 4, 2018.
             Was a High Priest of Okawaru.
             Mangled by a two-headed ogre
             ... wielding a +0 giant club
              (20 damage)
             ... while paralysed by an ogre mage
             ... on level 14 of the Dungeon.
             The game lasted 00:04:49 (12792 turns).

KleinerIrrer the Cleaver (Gargoyle Fighter)        Turns: 12792, Time: 00:04:49

Health: -13/86     AC: 39    Str: 25    XL:     13   Next: 65%
Magic:  20/20      EV:  2    Int: 15    God:    Okawaru [*****.]
Gold:   118        SH:  0    Dex:  9    Spells: 12/12 levels left

rFire    + . .     SeeInvis .   Y - +5 battleaxe
rCold    . . .     Gourm    .   (shield currently unavailable)
rNeg     + + .     Faith    .   c - +4 chain mail
rPois    ∞         Spirit   .   h - +0 helmet
rElec    +         Reflect  .   g - +0 cloak
rCorr    .         Harm     .   s - +2 pair of gloves
MR       .....                  l - +4 pair of boots of the Wilderness {+Blink rN+ Slay-3}
Stlth    ..........             j - amulet of regeneration
HPRegen  0.64/turn              t - ring "Comoc" {rF+ Int+4}
MPRegen  0.17/turn              u - ring "Xicsyaroe" {Wiz Str+2}

@: paralysed, heroism
A: negative energy resistance 1, electricity resistance, unbreathing,
petrification resistance, rot immunity, AC +9
a: Heroism, Finesse, Renounce Religion, Evoke Blink


You were on level 14 of the Dungeon.
You worshipped Okawaru.
Okawaru was extremely pleased with you.
You were hungry.

You visited 3 branches of the dungeon, and saw 16 of its levels.

You collected 907 gold pieces.
You spent 789 gold pieces at shops.


Innate Abilities, Weirdness & Mutations

You are resistant to torment.
Your stone body is resilient. (AC +9)
You are immune to poison.
You resist negative energy. (rN+)
You are resistant to electric shocks. (rElec)
You can survive without breathing.
You are immune to petrification.
You are immune to rotting.


   Skills:
 - Level 12.2(17.2) Fighting
 - Level 13.0(18.0) Axes
 + Level 9.7(14.7) Armour
 - Level 2.0(7.0) Dodging
   Level 7.0(12.0) Shields
 - Level 10.0 Invocations


You had 12 spell levels left.
You didn't know any spells.

Inventory:

Hand Weapons
 f - a +0 war axe
 o - a +0 hand axe of flaming
 Y - a +5 battleaxe (weapon)
Missiles
 a - 2 tomahawks (quivered)
Armour
 c - a +4 chain mail (worn)
 g - a +0 cloak (worn)
 h - a +0 helmet (worn)
 l - the +4 pair of boots of the Wilderness (worn) {+Blink rN+ Slay-3}
   (Okawaru gifted it to you on level 10 of the Dungeon)

   It affects your accuracy and damage with ranged weapons and melee attacks
   (-3).
   It protects you from negative energy.
   It lets you blink.
 s - a +2 pair of gloves (worn)
Jewellery
 j - an amulet of regeneration (around neck)
 t - the ring "Comoc" (left hand) {rF+ Int+4}
   (You bought it in a shop on level 13 of the Dungeon)

   [ring of protection from fire]

   It affects your intelligence (+4).
   It protects you from fire.
 u - the ring "Xicsyaroe" (right hand) {Wiz Str+2}
   (You bought it in a shop on level 13 of the Dungeon)

   [ring of wizardry]

   It improves your spell success rate.
   It affects your strength (+2).
Wands
 q - a wand of disintegration (13)
Scrolls
 k - 8 scrolls of identify
 p - 6 scrolls of remove curse
Potions
 d - a potion of might
 m - 5 potions of curing
 n - a potion of resistance
 v - 2 potions of mutation
Comestibles
 e - 16 rations

Dungeon Overview and Level Annotations

Branches:
Dungeon (14/15)            Temple (1/1) D:6            Lair (1/6) D:8
    Orc (0/2) D:11
 Vaults: D:13-14

Altars:
Ashenzari
Cheibriados
Dithmenos
Elyvilon
Fedhas
Gozag
Hepliaklqana
Kikubaaqudgha
Makhleb
Nemelex Xobeh
Okawaru
Qazlal
Ru
Sif Muna
Trog
Uskayaw
Vehumet
Wu Jian
Xom
Yredelemnul
Zin
The Shining One

Shops:
D:12 *   D:13 *

Annotations:
D:3 KleinerIrrer's ghost, amateur DrTm


Message History

You slash the two-headed ogre! The ogre mage misses you.
The two-headed ogre hits you but does no damage. x2
You slash the two-headed ogre!
The two-headed ogre is heavily wounded.
The yaktaur shoots a bolt.
The bolt hits you!
The ogre mage gestures at you while chanting.
You suddenly lose the ability to move!
The two-headed ogre hits you but does no damage.
The two-headed ogre hits you with a dire flail.
The ogre mage hits you but does no damage.
The yaktaur shoots a bolt.
The bolt hits you but does no damage.
The two-headed ogre hits you but does no damage. x2
The yaktaur wields an arbalest.
The yaktaur shoots a bolt.
The bolt hits you but does no damage.
The ogre mage hits you but does no damage.
You writhe in agony.
The yaktaur shoots a bolt.
The bolt barely misses you.
The two-headed ogre hits you with a giant club!!
You die...

.# .## .# . #.#..#.#
#.#..#.# .........
#######.#..#.##
#......O....... #.
#.....O))c..... #.
##/#####@#..#.#
#.###..# #.()..c....
#......#..##.#..#.##
#......#. #.#..#
##.....# .## .#
#.....# . .# #.....#
# # #...##+ #...#


You could see a two-headed ogre, an ogre mage and 2 yaktaurs.

Vanquished Creatures
  A hydra (D:8)
  The ghost of KleinerIrrer the Cleaver, a journeyman FoFi of Okawaru (D:8)
  Fannar (D:12)
  3 centaur warriors
  Erica (D:8)
  4 two-headed ogres
  A wolf spider zombie (D:12)
  An oklob plant (D:9)
  2 ugly things
  A cyclops (D:12)
  Joseph (D:8)
  A komodo dragon (Lair:1)
  A kobold demonologist (D:14)
  A yaktaur (D:14)
  A troll (D:12)
  2 hornets (D:11)
  2 slime creatures (D:12)
  2 hippogriffs
  2 dream sheep (D:8)
  A shadow (D:12)
  A wyvern (D:12)
  9 yaks
  4 basilisks
  A hungry ghost (D:11)
  An acid dragon (D:12)
  5 water moccasins
  4 porcupines
  3 orc warriors
  3 ice beasts
  3 black bears
  2 phantoms
  4 sky beasts
  3 wolves (D:8)
  10 centaurs
  6 ogres
  3 crocodiles
  14 bullfrogs
  9 big kobolds
  3 scorpions
  7 wights
  4 howler monkeys
  6 crimson imps
  3 bullfrog zombies
  4 jellies
  7 hounds
  4 centaur zombies
  A bullfrog skeleton (D:12)
  3 orc priests
  2 centaur skeletons
  15 orc wizards
  5 iguanas
  11 worker ants
  A killer bee zombie (D:5)
  A hound skeleton (D:8)
  2 worker ant zombies
  A howler monkey skeleton (D:9)
  14 adders
  3 shadow imps
  An ooze (D:1)
  An adder zombie (D:8)
  An adder skeleton (D:5)
  2 worms
  6 dart slugs
  8 leopard geckos
  53 orcs
  2 ball pythons
  6 giant cockroaches
  5 goblins
  8 hobgoblins
  5 jackals (D:4)
  18 kobolds
  4 quokkas
  A ball python skeleton (D:4)
  8 bats
  6 frilled lizards
  A jackal zombie (D:5)
  A leopard gecko skeleton (D:8)
  11 rats
  A plant (D:8)
361 creatures vanquished.

Vanquished Creatures (others)
  A scorpion (D:8)
  A kobold (D:12)
  A fungus (D:8)
  8 plants (D:8)
11 creatures vanquished.

Grand Total: 372 creatures vanquished

Notes
Turn   | Place    | Note
-------+----------+-------------------------------------------
     0 | D:1      | KleinerIrrer the Gargoyle Fighter began the quest for the Orb.
     0 | D:1      | Reached XP level 1. HP: 14/14 MP: 1/1
     0 | D:1      | 0 ||| counter = 45
    43 | D:1      | Reached skill level 2 in Axes
    58 | D:1      | Reached XP level 2. HP: 19/19 MP: 2/2
   362 | D:1      | Reached skill level 3 in Axes
   471 | D:1      | Reached XP level 3. HP: 23/23 MP: 3/3
   873 | D:1      | 873 ||| UPGRADING to cloak.
   878 | D:1      | 878 ||| READING scroll labeled CIGOECW MOYGOF.
   879 | D:1      | 879 ||| READING scroll labeled TAIGRA TASIN.
   880 | D:1      | 880 ||| READING scroll labeled NAEGOALANAI.
   915 | D:2      | Found an iron altar of Okawaru.
   925 | D:2      | 925 ||| STAIRDANCE
   939 | D:2      | 939 ||| STAIRDANCE
   985 | D:2      | Became a worshipper of Warmaster Okawaru
  1011 | D:2      | 1011 ||| DROPPING club.
  1020 | D:2      | Found a snail-covered altar of Cheibriados.
  1022 | D:2      | Found an opulent altar of Gozag.
  1022 | D:2      | Found a glowing silver altar of Zin.
  1024 | D:2      | Found a shimmering altar of Xom.
  1024 | D:2      | Found a burning altar of Makhleb.
  1024 | D:2      | Found a burning altar of Makhleb.
  1048 | D:2      | Found a shattered altar of Ashenzari.
  1232 | D:2      | Reached XP level 4. HP: 26/28 MP: 4/4
  1451 | D:2      | 1451 ||| READING 3 scrolls labeled QIPLID YMNEOTU.
  1452 | D:2      | 1452 ||| READING scroll labeled XONUFUI DOIBA.
  1457 | D:2      | 1457 ||| DRINKING 2 murky golden potions.
  1458 | D:2      | 1458 ||| DRINKING 4 fuming black potions.
  1459 | D:2      | 1459 ||| READING 2 scrolls of identify.
  1459 | D:2      | 1459 ||| IDENTIFYING small filigree amulet
  1460 | D:2      | 1460 ||| UPGRADING to amulet of regeneration.
  1461 | D:2      | 1461 ||| DROPPING potion of agility.
  1486 | D:3      | 1486 ||| STAIRDANCE
  1491 | D:2      | Reached skill level 4 in Axes
  1509 | D:3      | Noticed KleinerIrrer's ghost (amateur DrTm)
  1533 | D:3      | 1533 ||| STAIRDANCE
  1533 | D:3      | HP: 5/28 [KleinerIrrer's ghost (8)]
  1582 | D:3      | 1582 ||| STAIRDANCE
  1593 | D:3      | 1593 ||| STAIRDANCE
  1607 | D:3      | 1607 ||| STAIRDANCE
  1628 | D:3      | HP: 5/28 [KleinerIrrer's ghost (10)]
  1629 | D:3      | 1629 ||| STAIRDANCE
  1680 | D:3      | 1680 ||| STAIRDANCE
  1698 | D:3      | 1698 ||| STAIRDANCE
  1724 | D:3      | 1724 ||| STAIRDANCE
  1747 | D:3      | 1747 ||| STAIRDANCE
  1773 | D:3      | HP: 2/28 [KleinerIrrer's ghost (13)]
  1774 | D:3      | 1774 ||| STAIRDANCE
  1877 | D:3      | 1877 ||| STAIRDANCE
  2076 | D:3      | 2076 ||| UPGRADING to mace.
  2077 | D:3      | 2077 ||| SWAPPING to +0 war axe.
  2111 | D:3      | Found a sacrificial altar of Ru.
  2316 | D:3      | Reached XP level 5. HP: 32/32 MP: 5/5
  2350 | D:3      | 2350 ||| STAIRDANCE
  2368 | D:2      | 2368 ||| UPGRADING to shiny scale mail.
  2378 | D:2      | 2378 ||| DROPPING +0 scale mail.
  2379 | D:2      | 2379 ||| UPGRADING to runed hat.
  2384 | D:2      | 2384 ||| READING 2 scrolls of remove curse.
  2385 | D:2      | 2385 ||| READING 2 scrolls labeled ISOEFE LERHOO.
  2386 | D:2      | 2386 ||| DROPPING scroll of random uselessness.
  2465 | D:3      | 2465 ||| STAIRDANCE
  2621 | D:3      | 2621 ||| UPGRADING to pair of boots.
  2657 | D:4      | 2657 ||| STAIRDANCE
  2663 | D:3      | Reached skill level 5 in Axes
  2672 | D:4      | 2672 ||| STAIRDANCE
  2783 | D:4      | Noticed a hippogriff
  2794 | D:4      | HP: 6/33 [hippogriff (7)]
  2797 | D:4      | Killed a hippogriff
  2797 | D:4      | Reached * piety under Okawaru
  2797 | D:4      | Reached XP level 6. HP: 6/40 MP: 6/6
  2798 | D:4      | 2798 ||| INVOKING Heroism.
  2804 | D:4      | Reached XP level 7. HP: 11/45 MP: 4/7
  2925 | D:4      | Reached skill level 1 in Invocations
  2990 | D:4      | 2990 ||| INVOKING Heroism.
  3097 | D:4      | 3097 ||| DROPPING +0 mace.
  3098 | D:4      | 3098 ||| UPGRADING to flail.
  3099 | D:4      | 3099 ||| SWAPPING to +0 war axe.
  3111 | D:4      | 3111 ||| UPGRADING to morningstar.
  3112 | D:4      | 3112 ||| SWAPPING to +0 war axe.
  3113 | D:4      | 3113 ||| DROPPING +0 flail.
  3405 | D:4      | 3405 ||| UPGRADING to pair of embroidered gloves.
  3410 | D:4      | 3410 ||| READING 3 scrolls labeled KUTEGG BESONEV.
  3411 | D:4      | 3411 ||| DRINKING 2 viscous cyan potions.
  3412 | D:4      | 3412 ||| DRINKING 2 lumpy grey potions.
  3413 | D:4      | 3413 ||| READING 4 scrolls of identify.
  3413 | D:4      | 3413 ||| IDENTIFYING fuming dark potion
  3414 | D:4      | 3414 ||| READING 3 scrolls of identify.
  3414 | D:4      | 3414 ||| IDENTIFYING blue potion
  3415 | D:4      | 3415 ||| READING 2 scrolls of identify.
  3415 | D:4      | 3415 ||| IDENTIFYING fizzy coppery potion
  3416 | D:4      | 3416 ||| DROPPING potion of degeneration.
  3417 | D:4      | 3417 ||| DROPPING potion of flight.
  3418 | D:4      | 3418 ||| DROPPING potion of brilliance.
  3419 | D:4      | 3419 ||| DROPPING potion of invisibility.
  3420 | D:4      | 3420 ||| DROPPING 2 scrolls of amnesia.
  3425 | D:5      | Entered Level 5 of the Dungeon
  3504 | D:5      | Reached skill level 3 in Invocations
  3632 | D:5      | Reached skill level 1 in Dodging
  3676 | D:5      | 3676 ||| INVOKING Heroism.
  3680 | D:5      | Reached XP level 8. HP: 51/51 MP: 7/11
  3771 | D:5      | Reached skill level 6 in Axes
  3982 | D:5      | Reached ** piety under Okawaru
  4078 | D:5      | 4078 ||| INVOKING Heroism.
  4153 | D:5      | 4153 ||| INVOKING Heroism.
  4157 | D:5      | Reached skill level 7 in Axes
  4376 | D:5      | 4376 ||| STAIRDANCE
  4389 | D:4      | 4389 ||| READING 3 scrolls of identify.
  4389 | D:4      | 4389 ||| IDENTIFYING grey potion
  4390 | D:4      | 4390 ||| READING 2 scrolls of identify.
  4390 | D:4      | 4390 ||| IDENTIFYING fizzy white potion
  4391 | D:4      | 4391 ||| DROPPING potion of lignification.
  4466 | D:5      | Found a hazy altar of Hepliaklqana.
  4537 | D:5      | 4537 ||| UPGRADING to shiny chain mail.
  4547 | D:5      | 4547 ||| DROPPING +0 scale mail.
  4718 | D:6      | 4718 ||| INVOKING Heroism.
  4871 | D:6      | 4871 ||| EATING 3 rations.
  5049 | D:6      | Found a staircase to the Ecumenical Temple.
  5058 | Temple   | Entered the Ecumenical Temple
  5059 | Temple   | 5059 ||| Entered T.
  5109 | Temple   | 5109 ||| UPGRADING to helmet.
  5119 | Temple   | 5119 ||| DROPPING +1 hat.
  5406 | D:6      | 5406 ||| DRINKING 2 bubbling emerald potions.
  5453 | D:7      | Reached XP level 9. HP: 51/55 MP: 12/12
  5588 | D:7      | Reached skill level 8 in Axes
  5600 | D:7      | Reached skill level 6 in Fighting
  5713 | D:7      | 5713 ||| INVOKING Heroism.
  5717 | D:7      | Found a bloodstained altar of Trog.
  5831 | D:7      | 5831 ||| INVOKING Heroism.
  5835 | D:7      | Reached skill level 6 in Shields
  6069 | D:7      | 6069 ||| INVOKING Heroism.
  6110 | D:7      | 6110 ||| INVOKING Heroism.
  6178 | D:7      | Found a shadowy altar of Dithmenos.
  6463 | D:7      | 6463 ||| UPGRADING to plate armour.
  6473 | D:7      | 6473 ||| DROPPING +1 chain mail of magic resistance.
  6474 | D:7      | 6474 ||| READING scroll labeled XONEOX AVVUPP.
  6496 | D:7      | 6496 ||| EATING 2 rations.
  6549 | D:8      | Noticed a two-headed ogre
  6550 | D:8      | 6550 ||| INVOKING Heroism.
  6562 | D:8      | Noticed Joseph
  6568 | D:8      | Killed a two-headed ogre
  6568 | D:8      | Reached *** piety under Okawaru
  6605 | D:8      | Reached XP level 10. HP: 55/60 MP: 13/13
  6632 | D:8      | Reached skill level 9 in Axes
  6653 | D:8      | 6653 ||| INVOKING Heroism.
  6661 | D:8      | Killed Joseph
  6661 | D:8      | Reached **** piety under Okawaru
  6692 | D:8      | 6692 ||| INVOKING Heroism.
  6753 | D:8      | Found a staircase to the Lair.
  6864 | D:8      | Found a shimmering altar of Xom.
  6900 | D:8      | 6900 ||| INVOKING Heroism.
  6962 | D:8      | 6962 ||| INVOKING Heroism.
  6964 | D:8      | Noticed Erica
  6989 | D:8      | 6989 ||| DRINKING 4 potions of curing.
  6989 | D:8      | 6989 ||| (to cure confusion)
  6993 | D:8      | 6993 ||| INVOKING Heroism.
  7001 | D:8      | Killed Erica
  7001 | D:8      | Reached skill level 6 in Invocations
  7016 | D:8      | 7016 ||| INVOKING Heroism.
  7228 | D:8      | Found a radiant altar of Vehumet.
  7510 | D:8      | Found a glowing golden altar of the Shining One.
  7510 | D:8      | Found a glowing silver altar of Zin.
  7510 | D:8      | Found a white marble altar of Elyvilon.
  7555 | D:8      | Reached ***** piety under Okawaru
  7621 | D:8      | Noticed a three-headed hydra
  7622 | D:8      | 7622 ||| INVOKING Heroism.
  7623 | D:8      | Noticed KleinerIrrer's ghost (journeyman FoFi)
  7623 | D:8      | 7623 ||| INVOKING Finesse.
  7625 | D:8      | 7625 ||| SWAPPING to +0 morningstar.
  7627 | D:8      | 7627 ||| SWAPPING to +0 war axe.
  7631 | D:8      | 7631 ||| SWAPPING to +0 morningstar.
  7634 | D:8      | 7634 ||| SWAPPING to +0 war axe.
  7638 | D:8      | 7638 ||| SWAPPING to +0 morningstar.
  7647 | D:8      | Killed a three-headed hydra
  7647 | D:8      | Reached skill level 10 in Axes
  7647 | D:8      | Reached XP level 11. HP: 67/67 MP: 8/16
  7648 | D:8      | 7648 ||| SWAPPING to +0 war axe.
  7677 | D:8      | 7677 ||| INVOKING Heroism.
  7701 | D:8      | 7701 ||| INVOKING Finesse.
  7733 | D:8      | 7733 ||| INVOKING Heroism.
  7740 | D:8      | Killed KleinerIrrer's ghost
  7776 | D:8      | 7776 ||| DROPPING +0 morningstar.
  7777 | D:8      | 7777 ||| UPGRADING to hand axe of flaming.
  7778 | D:8      | 7778 ||| SWAPPING to +0 war axe.
  7871 | Lair:1   | Entered Level 1 of the Lair of Beasts
  7872 | Lair:1   | 7872 ||| Entered L.
  7872 | Lair:1   | 7872 ||| INVOKING Heroism.
  7901 | Lair:1   | 7901 ||| STAIRDANCE
  8009 | D:8      | 8009 ||| SWAPPING to +0 war axe.
  8010 | D:8      | 8010 ||| DROPPING +5 battleaxe.
  8375 | D:8      | 8375 ||| DROPPING +0 shield.
  8376 | D:8      | 8376 ||| UPGRADING to dented garnet amulet.
  8378 | D:8      | 8378 ||| REMOVING amulet of magic regeneration.
  8379 | D:8      | 8379 ||| UPGRADING to amulet of regeneration.
  8380 | D:8      | 8380 ||| DROPPING amulet of magic regeneration.
  8381 | D:8      | 8381 ||| DROPPING amulet of magic regeneration.
  8382 | D:8      | 8382 ||| READING 3 scrolls labeled QOSAHYRILI.
  8383 | D:8      | 8383 ||| DROPPING 2 scrolls of magic mapping.
  8508 | D:9      | Reached skill level 9 in Invocations
  8672 | D:9      | 8672 ||| INVOKING Heroism.
  8737 | D:9      | 8737 ||| INVOKING Heroism.
  8786 | D:9      | Noticed an oklob plant
  8787 | D:9      | 8787 ||| INVOKING Heroism.
  8788 | D:9      | 8788 ||| INVOKING Finesse.
  8789 | D:9      | Found a glowing golden altar of the Shining One.
  8797 | D:9      | Killed an oklob plant
  8991 | D:9      | Noticed a two-headed ogre
  8992 | D:9      | 8992 ||| INVOKING Heroism.
  9000 | D:9      | Killed a two-headed ogre
  9383 | D:9      | 9383 ||| UPGRADING to glowing chain mail.
  9393 | D:9      | 9393 ||| DROPPING +0 plate armour.
  9454 | D:10     | Entered Level 10 of the Dungeon
  9487 | D:10     | 9487 ||| INVOKING Heroism.
  9490 | D:10     | Received a gift from Okawaru
  9519 | D:10     | Got a pair of distressingly furry boots {god gift}
  9546 | D:10     | 9546 ||| INVOKING Heroism.
 10124 | D:10     | 10124 ||| UPGRADING to pair of distressingly furry boots {god gift}.
 10134 | D:10     | Identified the +4 pair of boots of the Wilderness {+Blink rN+ Slay-3} (Okawaru gifted it to you on level 10 of the Dungeon)
 10134 | D:10     | 10134 ||| DROPPING +0 pair of boots.
 10135 | D:10     | 10135 ||| READING scroll labeled ZOULEZESOW.
 10136 | D:10     | 10136 ||| READING 6 scrolls of identify.
 10136 | D:10     | 10136 ||| IDENTIFYING ruby potion
 10137 | D:10     | 10137 ||| DRINKING potion of experience.
 10137 | D:10     | Reached skill level 12 in Fighting
 10137 | D:10     | Reached XP level 12. HP: 81/81 MP: 19/19
 10196 | D:11     | 10196 ||| INVOKING Heroism.
 10210 | D:11     | 10210 ||| EATING 13 rations.
 10316 | D:11     | Found a staircase to the Orcish Mines.
 10381 | D:11     | 10381 ||| DRINKING 4 potions of curing.
 10381 | D:11     | 10381 ||| (to cure confusion)
 10474 | D:11     | 10474 ||| STAIRDANCE
 10868 | D:12     | 10868 ||| INVOKING Heroism.
 10878 | D:12     | Noticed Fannar
 10888 | D:12     | Reached XP level 13. HP: 55/86 MP: 20/20
 10890 | D:12     | HP: 18/86 [Fannar/Ozocubu's Refrigeration (11)]
 10891 | D:12     | 10891 ||| DRINKING potion of heal wounds.
 10895 | D:12     | Killed Fannar
 10895 | D:12     | Reached skill level 11 in Axes
 11158 | D:12     | 11158 ||| INVOKING Heroism.
 11328 | D:12     | 11328 ||| INVOKING Heroism.
 11551 | D:12     | Reached skill level 12 in Axes
 11615 | D:12     | 11615 ||| INVOKING Heroism.
 11616 | D:12     | Reached skill level 9 in Armour
 11687 | D:12     | Found Ynuffug's Assorted Antiques.
 11691 | D:12     | Bought a scroll of identify for 54 gold pieces
 11691 | D:12     | Bought a scroll labeled HIF FIFIGEMPY for 27 gold pieces
 11691 | D:12     | Bought an encrusted lead wand for 108 gold pieces
 11691 | D:12     | Bought 2 potions of heal wounds for 270 gold pieces
 11906 | D:12     | 11906 ||| READING scroll labeled HIF FIFIGEMPY.
 11933 | D:12     | 11933 ||| DROPPING wand of acid (4).
 12409 | D:13     | 12409 ||| STAIRDANCE
 12425 | D:13     | 12425 ||| STAIRDANCE
 12511 | D:13     | 12511 ||| STAIRDANCE
 12577 | D:13     | Found Daklel's Antique Artefacts.
 12586 | D:13     | Bought a warped lead ring for 165 gold pieces
 12586 | D:13     | Bought a bound copper ring for 165 gold pieces
 12682 | D:13     | 12682 ||| UPGRADING to runed scarf.
 12692 | D:13     | 12692 ||| UPGRADING to +0 cloak.
 12702 | D:13     | 12702 ||| DROPPING scarf of cloud immunity.
 12703 | D:13     | 12703 ||| UPGRADING to warped lead ring.
 12703 | D:13     | Identified the ring "Comoc" {rF+ Int+4} (You bought it in a shop on level 13 of the Dungeon)
 12704 | D:13     | 12704 ||| UPGRADING to bound copper ring.
 12704 | D:13     | Identified the ring "Xicsyaroe" {Wiz Str+2} (You bought it in a shop on level 13 of the Dungeon)
 12755 | D:14     | 12755 ||| INVOKING Heroism.
 12766 | D:14     | Reached skill level 13 in Axes
 12774 | D:14     | HP: 18/86 [centaur (4)]
 12775 | D:14     | 12775 ||| DRINKING 2 potions of heal wounds.
 12776 | D:14     | Received a gift from Okawaru
 12778 | D:14     | Noticed an ogre mage
 12784 | D:14     | HP: 21/86 [yaktaur/bolt (11)]
 12785 | D:14     | 12785 ||| DRINKING potion of heal wounds.
 12789 | D:14     | HP: 8/86 [yaktaur/bolt (12)]
 12789 | D:14     | Paralysed by an ogre mage for 3 turns
 12792 | D:14     | Mangled by a two-headed ogre

Vault maps used:
D:1:      lemuel_arrival_hallway
D:2:      doesnt_xom_only_xom, ashenzari_altar_1, okawaru_ov_weapons_minmay
D:3:      nicolae_ru_path_of_blood
D:4:      cheibrodos_helix_gallery, first_ration
D:5:      marbit_many_paths, due_unseen_surprise
D:6:      minmay_temple_entry_grid, minmay_misc_feat_cross
D:7:      lightli_temple_of_fire, grunt_dithmenos_shadows
D:8:      good_gods_mini_temple, minmay_lair_entry_grove, hangedman_ranch,
          hangedman_feature_mirror, uniq_erica, uniq_joseph
D:9:      lemuel_oklob_altar
D:11:     orc_0_dummy
D:12:     serial_shops, kennysheep_mini_moat, kennysheep_nub, uniq_fannar
D:13:     nicolae_antique_artefacts
D:14:     hangedman_vaults_entry_quadrant_bands, minivault_14
Temple:   cyrus_circular_temple
Lair:1:   minivault_24, grunt_megastairs_5

Skill      XL: |  1  2  3  4  5  6  7  8  9 10 11 12 13 |
---------------+----------------------------------------+-----
Axes           | 2 3 4 5 7 8 10 13 | 13.0
Fighting       | 5 6 7 12 | 12.2
Invocations    | 4 7 10 | 10.0
Shields        | 4 5 6 7 |  7.0
Dodging        | 1 2 |  2.0
Armour         | 4 7 8 9 |  9.7

Action                   |  1- 3 |  4- 6 |  7- 9 | 10-12 | 13-15 || total
-------------------------+-------+-------+-------+-------+-------++-------
Melee: War axe           |   140 |   190 |   427 |   375 |       ||  1132
       Morningstar       |       |       |       |    12 |       ||    12
       Battleaxe         |       |       |       |   245 |   254 ||   499
Throw: Tomahawk          |       |       |    40 |    17 |     8 ||    65
Invok: Heroism           |       |     1 |    10 |    18 |     4 ||    33
       Finesse           |       |       |       |     3 |       ||     3
  Use: Scroll            |     3 |     5 |     7 |     3 |     1 ||    19
       Potion            |       |     2 |     3 |     3 |     3 ||    11
  Eat: Chunk             |     1 |     6 |     8 |    10 |     6 ||    31
       Ration            |       |       |     2 |     2 |       ||     4
Armor: Scale mail        |    80 |   127 |   104 |       |       ||   311
       Chain mail        |       |       |    75 |   117 |   244 ||   436
       Plate armour      |       |       |    25 |   218 |       ||   243
Dodge: Dodged            |    31 |    66 |    89 |   161 |   150 ||   497
Block: Shield            |    64 |   120 |   187 |   143 |       ||   514

Table legend:
 A = Spawn XP
 B = Non-spawn XP
 C = Spawn XP percentage of total XP
 D = Spawn monster count
 E = Non-spawn monster count
 F = Spawn count percentage of total count
 G = Total turns spent on level
                    A         B        C        D         E        F      G
               +---------+---------+-------+---------+---------+-------+---------
         Total |       0 |   33953 |   0.0 |       0 |     361 |   0.0 | 12792
               +---------+---------+-------+---------+---------+-------+---------
           D:1 |       0 |      56 |   0.0 |       0 |      29 |   0.0 |   948
           D:2 |       0 |      60 |   0.0 |       0 |      19 |   0.0 |   917
           D:3 |       0 |     172 |   0.0 |       0 |      22 |   0.0 |   810
           D:4 |       0 |     620 |   0.0 |       0 |      22 |   0.0 |   767
           D:5 |       0 |    1019 |   0.0 |       0 |      41 |   0.0 |  1132
           D:6 |       0 |     324 |   0.0 |       0 |       7 |   0.0 |   781
           D:7 |       0 |     995 |   0.0 |       0 |      20 |   0.0 |  1079
           D:8 |       0 |    8194 |   0.0 |       0 |      51 |   0.0 |  1585
           D:9 |       0 |    2104 |   0.0 |       0 |      27 |   0.0 |  1041
          D:10 |       0 |    1432 |   0.0 |       0 |      15 |   0.0 |   725
          D:11 |       0 |    2707 |   0.0 |       0 |      26 |   0.0 |   685
          D:12 |       0 |    8637 |   0.0 |       0 |      43 |   0.0 |  1137
          D:13 |       0 |    2976 |   0.0 |       0 |      20 |   0.0 |   729
          D:14 |       0 |    3297 |   0.0 |       0 |      12 |   0.0 |    62
        Lair:1 |       0 |    1360 |   0.0 |       0 |       7 |   0.0 |   323
               +---------+---------+-------+---------+---------+-------+---------
